Map: Prion Terraces

Players

llllllllllll - Winner!

  • Race: Zerg Zerg
  • League: Grandmaster

Miszu

  • Race: Terran Terran
  • League: Master

VOD

Have the link to the VOD?

Description

Time

  • Played on: April 8, 2016, 12:43 p.m.
  • Length: 13:02
Show
View Real Time Build Order
Export as new Build Order

llllllllllll Zerg - Winner!

Build Orders: Hatch First 

Get SALT Encoding   

  12  0:00  Drone  
  13  0:08  Drone  
  14  0:18  Overlord  
  14  0:22  Extractor  
  14  0:23  Drone  
  15  0:36  Drone  
  15  0:37  Drone  
  17  0:52  Hatchery  
  17  0:55  Drone  
  17  0:57  Extractor  
  16  1:00  Drone  
  17  1:15  Spawning Pool  
  17  1:17  Drone  
  17  1:20  Drone  
  18  1:27  Drone  
  19  1:37  Overlord  
  19  2:01  Queen  
  19  2:02  Zergling x4  
  19  2:03  Metabolic Boost  
  19  2:04  Queen  
  25  2:13  Drone x2  
  27  2:24  Drone x2  
  29  2:38  Overlord  
  29  2:39  Drone  
  29  2:40  Drone  
  29  2:42  Queen  
  33  2:45  Drone  
  33  2:50  Pneumatized Carapace, Drone  
  35  3:07  Overlord  
  35  3:08  Drone x2  
  37  3:13  Zergling x2  
  37  3:14  Zergling x2  
  39  3:20  Overlord  
  39  3:22  Zergling x4, Hatchery  
  39  3:23  Drone  
  41  3:30  Zergling x2  
  41  3:31  Zergling x2, Drone  
  44  3:34  Drone  
  44  3:36  Drone  
  44  3:37  Queen  
  44  3:38  Extractor  
  46  3:49  Drone x3  
  46  3:51  Evolution Chamber  
  46  3:52  Evolution Chamber  
  47  3:56  Overlord  
  47  4:04  Overlord, Drone  
  47  4:05  Drone x3  
  51  4:11  Spore Crawler  
  51  4:15  Spore Crawler  
  51  4:16  Drone x2  
  51  4:20  Queen  
  53  4:30  Zerg Ground Armor Level 1  
  53  4:31  Spore Crawler  
  53  4:34  Zerg Melee Weapons Level 1  
  53  4:36  Spore Crawler  
  51  4:39  Drone  
  51  4:40  Drone  
  51  4:44  Overlord  
  53  4:46  Drone x2  
  53  4:52  Spore Crawler  
  54  4:53  Drone x4  
  54  4:59  Lair  
  58  5:06  Drone x3  
  61  5:14  Zergling x14  
  62  5:38  Drone x5  
  62  5:39  Drone x8  
  62  5:41  Drone  
  62  5:42  Baneling Nest, Extractor x2  
  71  5:47  Drone x2  
  72  5:52  Drone  
  72  5:56  Queen  
  73  6:01  Drone x2  
  73  6:02  Extractor, Overseer  
  69  6:11  Drone x3  
  69  6:14  Hydralisk Den  
  69  6:18  Spine Crawler  
  69  6:19  Spine Crawler  
  69  6:21  Spine Crawler x2  
  65  6:26  Spine Crawler  
  65  6:28  Drone x3  
  65  6:31  Drone x2  
  65  6:32  Drone  
  71  6:35  Zerg Missile Weapons Level 1  
  71  6:37  Drone x3  
  71  6:38  Drone  
  74  6:41  Roach Warren  
  74  6:42  Drone  
  74  6:45  Extractor  
  72  6:55  Queen  
  72  7:00  Drone x3  
  74  7:04  Drone x2  
  74  7:07  Drone x2  
  77  7:09  Hydralisk  
  77  7:10  Hydralisk  
  77  7:14  Muscular Augments  
  81  7:16  Drone  
  81  7:17  Drone x3  
  81  7:18  Hatchery  
  81  7:22  Hydralisk x2  
  84  7:38  Hydralisk x2  
  84  7:40  Overlord x4  
  88  7:45  Drone  
  88  7:46  Infestation Pit  
  88  8:05  Glial Reconstitution, Zerg Ground Armor Level 2  
  88  8:07  Hydralisk x5  
  88  8:08  Hydralisk x4  
  106  8:20  Overlord x2  
  106  8:21  Drone x7  
  106  8:26  Drone  
  114  8:30  Queen  
  116  8:37  Roach  
  116  8:38  Roach x6  
  116  8:41  Zerg Missile Weapons Level 2  
  130  8:44  Hive  
  130  8:46  Roach x3  
  136  8:51  Overlord x3  
  136  8:57  Drone x2  
  136  8:59  Overlord x2  
  136  9:00  Overlord  
  136  9:01  Overseer  
  136  9:02  Overseer x2  
  138  9:14  Extractor, Drone x2  
  138  9:15  Extractor  
  138  9:16  Spine Crawler  
  138  9:17  Drone x2, Spine Crawler  
  138  9:28  Drone  
  139  9:36  Hatchery  
  136  9:54  Viper  
  136  9:55  Viper x5  
  136  9:57  Drone  
  136  9:58  Spire  
  136  9:59  Hydralisk x4  
  154  10:00  Hydralisk x3  
  168  10:10  Overseer  
  168  10:14  Spore Crawler x2  
  167  10:15  Spore Crawler  
  167  10:17  Spore Crawler, Drone x3  
  167  10:18  Spore Crawler x2  
  167  10:20  Spore Crawler x2  
  167  10:21  Drone x3  
  166  10:22  Spore Crawler  
  166  10:25  Spore Crawler  
  166  10:26  Drone  
  166  10:27  Spore Crawler, Drone x2  
  166  10:29  Spore Crawler  
  165  10:42  Hydralisk x6  
  177  11:02  Hydralisk x5  
  177  11:03  Hydralisk  
  189  11:05  Overlord x3  
  189  11:06  Overlord  
  189  11:25  Spore Crawler  
  166  11:41  Hydralisk  
  166  11:42  Hydralisk x14  
  174  12:01  Hydralisk x8  
  174  12:08  Viper x3  
  184  12:25  Roach x8  
Show
View Real Time Build Order
Export as new Build Order

Miszu Terran 

Build Orders: Reaper Expand, Hellion Banshee 

Get SALT Encoding   

  12  0:00  SCV  
  13  0:12  SCV  
  14  0:18  Supply Depot  
  14  0:24  SCV  
  15  0:39  SCV  
  15  0:41  Barracks  
  16  0:44  Refinery  
  16  0:51  SCV  
  17  1:03  SCV  
  18  1:15  SCV  
  19  1:28  Orbital Command  
  19  1:29  Reaper  
  20  1:40  Command Center  
  20  1:48  Supply Depot  
  20  1:53  SCV  
  21  2:02  Marine  
  21  2:05  SCV  
  21  2:07  Factory  
  23  2:15  Refinery  
  23  2:19  SCV  
  24  2:29  Barracks Reactor  
  24  2:31  SCV  
  25  2:43  SCV  
  26  2:55  SCV, Orbital Command  
  27  3:06  Starport  
  27  3:07  SCV  
  27  3:10  Hellion x2  
  32  3:14  Barracks Tech Lab  
  32  3:19  SCV  
  33  3:25  SCV  
  34  3:31  Hellion x2, SCV  
  38  3:37  SCV  
  39  3:43  SCV  
  40  3:49  SCV  
  40  3:52  Armory  
  40  3:53  Cloaking Field, Banshee  
  44  3:55  SCV  
  44  4:01  SCV  
  46  4:03  Supply Depot  
  46  4:06  Hellion x2  
  46  4:08  Supply Depot, SCV  
  51  4:14  SCV  
  52  4:20  SCV  
  53  4:26  SCV  
  53  4:27  Hellion x2  
  53  4:28  Supply Depot  
  58  4:31  Supply Depot  
  58  4:32  SCV  
  58  4:36  Banshee  
  58  4:38  SCV  
  63  4:43  Command Center  
  63  4:44  SCV  
  63  4:45  Refinery  
  64  4:47  Refinery  
  64  4:49  Hellion  
  64  4:50  SCV  
  67  5:01  SCV  
  68  5:10  SCV  
  68  5:12  Hellion x2  
  73  5:16  Starport  
  73  5:17  Starport  
  73  5:19  SCV  
  64  5:22  Banshee  
  64  5:23  SCV  
  66  5:31  SCV  
  68  5:35  SCV  
  68  5:37  Hellion x2  
  72  5:43  SCV  
  72  5:47  SCV  
  74  5:55  SCV  
  75  5:58  Hellion x2  
  75  6:02  Starport Reactor, Starport Tech Lab  
  79  6:05  SCV  
  79  6:06  Orbital Command  
  80  6:13  SCV, Banshee  
  80  6:17  SCV, Armory  
  80  6:18  Terran Ship Weapons Level 1  
  85  6:20  Fusion Core  
  85  6:23  Liberator x2, Banshee  
  89  6:25  SCV  
  89  6:30  SCV  
  91  6:32  SCV  
  91  6:37  SCV  
  92  6:42  SCV  
  100  6:49  SCV  
  100  6:56  Starport  
  100  6:57  Starport  
  100  7:05  Orbital Command  
  100  7:11  Supply Depot  
  100  7:12  Supply Depot  
  100  7:13  Supply Depot  
  100  7:21  SCV  
  101  7:23  Liberator  
  101  7:25  Hyperflight Rotors  
  101  7:32  Hellion x2, SCV, Banshee  
  109  7:38  Starport Tech Lab, Liberator, SCV  
  109  7:40  Engineering Bay, Starport Tech Lab  
  113  7:52  Liberator  
  113  7:54  Command Center  
  113  7:57  Command Center  
  116  7:58  Refinery x2  
  116  8:01  Supply Depot x2  
  116  8:04  SCV x2  
  121  8:14  SCV  
  121  8:16  SCV x2  
  124  8:20  Factory  
  124  8:23  Hellion x2  
  124  8:26  SCV  
  129  8:28  SCV x2  
  129  8:30  Liberator  
  129  8:31  Factory  
  131  8:38  SCV  
  131  8:40  SCV  
  131  8:41  Command Center  
  133  8:42  Command Center  
  133  8:43  Supply Depot  
  133  8:44  Supply Depot, Hellion x2  
  133  8:48  Liberator  
  140  8:57  Supply Depot  
  140  8:58  Supply Depot  
  140  9:01  Refinery  
  140  9:05  Banshee  
  140  9:06  Hellion x2  
  150  9:10  Factory Tech Lab, Missile Turret  
  150  9:11  Orbital Command  
  150  9:17  Planetary Fortress  
  150  9:19  Refinery  
  150  9:20  Liberator x2  
  150  9:27  Hellion x2  
  150  9:28  Infernal Pre-Igniter  
  150  9:30  Factory Reactor  
  160  9:41  Command Center  
  160  9:53  Viking, Hellion x2  
  160  9:54  Hellion  
  165  10:01  Planetary Fortress  
  165  10:07  Command Center  
  165  10:08  Command Center  
  165  10:10  Hellion x2  
  169  10:14  Armory  
  169  10:15  Hellion x2  
  169  10:16  Armory  
  169  10:19  Terran Ship Weapons Level 2  
  173  10:24  Advanced Ballistics  
  173  10:26  Viking  
  175  10:29  Viking  
  177  10:37  Sensor Tower  
  177  10:49  Hellion  
  181  10:50  Hellion x3  
  181  10:51  Sensor Tower  
  181  10:52  Viking  
  181  10:54  Viking, Missile Turret  
  181  10:56  Planetary Fortress  
  185  10:59  Planetary Fortress  
  185  11:03  Refinery x2  
  185  11:04  Missile Turret  
  173  11:28  Viking x5  
  173  11:29  Viking  
  145  11:43  Hellion  
  145  11:44  Hellion x4  
  137  11:58  Viking x3  
  130  12:05  Hellion x5  
  106  12:26  Hellion  
  106  12:27  Hellion x2  
  120  12:39  Sensor Tower  
Tags
 
Add a new tag
Caveats
  • Supply blocks, unpowered buildings, or Contaminate may cause inaccurate times.
  • Supply counts are checked every 10 seconds.